 Dungeon Crawl Stone Soup version 0.28.0 (webtiles) character file.

Game seed: 12315866499571599283

182 SnakkuSnakku7 the Conjurer (level 5, -1/28 HPs)
             Began as a Tengu Earth Elementalist on Feb 10, 2022.
             Slain by a scorpion (3 damage)
             ... on level 4 of the Dungeon.
             The game lasted 00:03:46 (2367 turns).

SnakkuSnakku7 the Conjurer (TeEE)                   Turns: 2367, Time: 00:03:47

Health: -1/28      AC:  3    Str: 10    XL:     5   Next: 61%
Magic:  3/9        EV: 18    Int: 15    God:
Gold:   118        SH:  0    Dex: 15    Spells: 4/8 levels left

rFire   . . .      SeeInvis .   a - staff of earth
rCold   . . .      Faith    +   (no shield)
rNeg    . . .      Spirit   .   b - +0 robe
rPois   .          Reflect  .   (helmet restricted)
rElec   .          Harm     .   (no cloak)
rCorr   .          Rampage  .   e - +0 pair of gloves
Will    +....                   (boots unavailable)
Stlth   ++........              h - amulet of faith
HPRegen 0.09/turn               n - ring of willpower
MPRegen 0.11/turn               l - +4 ring of evasion

@: lethally poisoned (-1 -> -11), flying quickly and evasively, quick
A: beak, talons 3, nimble flight
a: no special abilities


You were on level 4 of the Dungeon.
You visited 1 branch of the dungeon, and saw 4 of its levels.

You collected 118 gold pieces.

Inventory:

Hand Weapons
 d - a +0 dagger
Missiles
 c - 63 stones
Armour
 b - a +0 robe (worn)
 e - a +0 pair of gloves (worn)
Magical Staves
 a - a staff of earth (weapon)
Jewellery
 f - a +6 ring of strength
 h - an amulet of faith (around neck)
 l - a +4 ring of evasion (right hand)
 n - a ring of willpower (left hand)
Scrolls
 i - a scroll of brand weapon {unknown}
 j - a scroll of torment {unknown}
 k - 2 scrolls of identify {unknown}
 m - a scroll of noise {unknown}
 o - a scroll of vulnerability {unknown}
Potions
 g - 2 potions of heal wounds {unknown}


   Skills:
 - Level 0.1 Fighting
 - Level 2.1 Dodging
 - Level 2.0 Stealth
 - Level 2.0 Spellcasting
 + Level 5.6 Conjurations
 - Level 0.7 Transmutations
 - Level 3.1 Earth Magic


You had 4 spell levels left.
You knew the following spells:

 Your Spells              Type           Power      Damage    Failure   Level
a - Sandblast             Erth           32%        2d9       6%          1
b - Stone Arrow           Conj/Erth      42%        3d9       11%         3

Your spell library contained the following spells:

 Spells                   Type           Power      Damage    Failure   Level
 Passwall                 Tmut/Erth      8%         N/A       16%         2
 Petrify                  Tmut/Erth      10%        N/A       69%         4


Dungeon Overview and Level Annotations

Branches:
Dungeon (4/15)
 Temple: D:4-7

Altars:


Innate Abilities, Weirdness & Mutations

You have a beak for a mouth.
You have claws for feet.
Your magical nature lets you fly swiftly and evasively.


Message History

The scorpion is moderately wounded.
The scorpion stings you.
You are poisoned.
The scorpion poisons you!
Aiming: Sandblast (safe; 6% risk of failure)
Press: ? - help, Q - select action, (/) - cycle Shift-Dir - straight line, f/p - scorpion
Aim: a scorpion (moderately wounded, 79% to hit)
You feel a surge of power!
The blast of sand hits the scorpion but does no damage.
The scorpion is moderately wounded.
You feel very sick. The scorpion closely misses you.
Aiming: Sandblast (safe; 6% risk of failure)
Press: ? - help, Q - select action, (/) - cycle Shift-Dir - straight line, p - scorpion You feel a surge of power!
You feel very sick. The scorpion misses you.
The scorpion completely misses you.
Unknown command.
Unknown command.
You feel sick.
You see here 15 arrows.
You feel sick.
Aiming: Sandblast (safe; 6% risk of failure)
Press: ? - help, Q - select action, (/) - cycle Shift-Dir - straight line, f - scorpion
Aim: a scorpion (moderately wounded, 79% to hit)
You feel a surge of power!
The blast of sand hits the scorpion.
The scorpion is moderately wounded.
You feel sick. The scorpion stings you!
* * * LOW HITPOINT WARNING * * *
You are lethally poisoned!
The scorpion poisons you!
Aiming: Sandblast (safe; 6% risk of failure)
Press: ? - help, Q - select action, (/) - cycle Shift-Dir - straight line, f/p - scorpion
Aim: a scorpion (moderately wounded, 79% to hit)
You feel a surge of power!
The blast of sand hits the scorpion.
The scorpion is heavily wounded.
* * * LOW HITPOINT WARNING * * *
You feel very sick. The scorpion stings you.
You die...

#........ .........
....... #... .. #.####..#
.# .......# .# #...##.#
#.....
##########......#####.....
#.......s@..........+.....
#......###.#.########....
#...... #.#.###### ...
#...... #.#.#....# #.#
#...... #.#.#....####.###
#......###................
#............#......##.###
#............#......##.##.
.........#......##.##.


You could see a scorpion.

Vanquished Creatures
  A water moccasin skeleton (D:4)
  6 adders
  An adder skeleton (D:3)
  A worm (D:2)
  2 dart slugs
  9 ball pythons
  5 bats
  8 endoplasms
  A giant cockroach (D:2)
  8 goblins
  4 hobgoblins
  5 jackals
  A quokka (D:1)
  2 frilled lizards
  5 kobolds (D:3)
  6 rats
65 creatures vanquished.

Notes
Turn   | Place    | Note
-------+----------+-------------------------------------------
     0 | D:1      | SnakkuSnakku7 the Tengu Earth Elementalist began the quest
                  | for the Orb.
     0 | D:1      | Reached XP level 1. HP: 10/10 MP: 4/4
   244 | D:1      | Reached XP level 2. HP: 15/15 MP: 6/6
   792 | D:1      | Reached XP level 3. HP: 19/19 MP: 7/7
  1015 | D:2      | Learned a level 3 spell: Stone Arrow
  1346 | D:2      | Reached skill level 1 in Conjurations
  1553 | D:2      | Reached skill level 2 in Conjurations
  1577 | D:2      | Reached XP level 4. HP: 20/24 MP: 3/8
  1665 | D:2      | Reached skill level 3 in Conjurations
  1875 | D:3      | Found a faded altar of an unknown god.
  2066 | D:3      | Reached skill level 4 in Conjurations
  2247 | D:4      | Reached skill level 5 in Conjurations
  2247 | D:4      | Gained mutation: Your magical nature lets you fly swiftly
                  | and evasively. [Tengu growth]
  2247 | D:4      | Reached XP level 5. HP: 28/28 MP: 3/9
  2367 | D:4      | Slain by a scorpion

Illustrated notes

Levels and vault maps discovered:
D:1:      dpeg_arrival_subterranean_lakeside_camping, layout_loops_ring
D:2:      layout_basic
D:3:      layout_rooms, chequers_ecumenical_altar_simple, nrook_loot_triangle,
          minmay_misc_feat_nine_boxes, st_stairs_2
D:4:      layout_basic, minmay_temple_entry_from_below_b, minmay_manual_mail,
          uniq_blork_the_orc, uniq_natasha

Skill      XL: |  1  2  3  4 |
---------------+-------------+-----
Earth Magic    | 3 |  3.1
Conjurations   | 2 5 |  5.6
Fighting       | |  0.1
Dodging        | |  2.1
Stealth        | |  2.0
Spellcasting   | |  2.0
Transmutations | |  0.7

Action                   |  1- 3 |  4- 6 || total
-------------------------+-------+-------++-------
Melee: Dagger            |    53 |       ||    53
       Unarmed           |     6 |       ||     6
       Kick              |    19 |     5 ||    24
       Peck              |    10 |     6 ||    16
       Punch             |     1 |       ||     1
       Staff             |     8 |    29 ||    37
 Cast: Sandblast         |    15 |    33 ||    48
 Stab: Sleeping          |     8 |     2 ||    10
Armor: Robe              |    22 |     8 ||    30
Dodge: Dodged            |    41 |    38 ||    79
